 Dungeon Crawl Stone Soup version 0.31-a0-233-g139696dc86 (webtiles) character file.

Game seed: 2459346649295562052

61 qw the Shooter (level 3, -3/30 HPs)
             Began as a Minotaur Hexslinger on July 9, 2023.
             Slain by Natasha (8 damage)
             ... on level 2 of the Dungeon.
             The game lasted 00:00:39 (1219 turns).

qw the Shooter (Minotaur Hexslinger)                Turns: 1219, Time: 00:00:39

Health: -3/30      AC:  5    Str: 12    XL:     3   Next: 83%
Magic:  3/3        EV: 11    Int: 10    God:
Gold:   128        SH:  0    Dex: 14    Spells: 3/4 levels left

rFire   . . .        Y - +2 sling
rCold   . . .        (no shield)
rNeg    . . .        f - +0 ring mail
rPois   .            (helmet restricted)
rElec   .            (no cloak)
rCorr   .            (no gloves)
SInv    .            (no boots)
Will    .....        (no amulet)
Stlth   +            (no ring)
HPRegen 0.25/turn    (no ring)
MPRegen 0.08/turn

%: no passive effects
@: slowed, very slow
A: horns 2, retaliatory headbutt
a: no special abilities


You were on level 2 of the Dungeon.
You visited 1 branch of the dungeon, and saw 2 of its levels.

You collected 128 gold pieces.


Innate Abilities, Weirdness & Mutations

You have a pair of horns on your head.
You reflexively headbutt those who attack you in melee.


   Skills:
 - Level 2.5 Fighting
 - Level 4.0 Ranged Weapons
 + Level 0.8 Armour
 - Level 2.1 Dodging
 - Level 1.0 Spellcasting
 - Level 2.0 Hexes


You had 3 spell levels left.
You knew the following spells:

 Your Spells              Type           Power      Damage    Failure   Level
a - Slow                  Hex            16%        N/A       34%         1

Your spell library contained the following spells:

 Spells                   Type           Power      Damage    Failure   Level
 Inner Flame              Hex/Fire       2%         N/A       83%         3
 Portal Projectile        Hex/Tloc       4%         N/A       83%         3
 Cause Fear               Hex            2%         N/A       98%         4

Inventory:

Hand Weapons
 Y - a +2 sling (weapon)
Armour
 f - a +0 ring mail (worn)
Jewellery
 b - an amulet of the acrobat
 c - a ring of resist corrosion
Potions
 a - a potion of curing {unknown}
 d - a potion of enlightenment {unknown}
 e - a potion of ambrosia {unknown}
 g - a potion of cancellation {unknown}
 h - a potion of attraction {unknown}

Dungeon Overview and Level Annotations

Branches:
Dungeon (2/15)

Altars:

Annotations:
D:2 Natasha


Message History

Enter note:
Enter note:
Enter note:
Enter note: You shoot a sling bullet.
The sling bullet closely misses Natasha.
Natasha mumbles some strange words.
1211 ||| Stepping ~*~*~tactically~*~*~ (outnumbered).
Natasha drinks a potion.
Natasha seems to speed up.
1213 ||| Stepping ~*~*~tactically~*~*~ (outnumbered).
Natasha howls an incantation.
You feel disoriented.
You shoot a sling bullet. The sling bullet hits Natasha.
Natasha is heavily wounded.
Natasha barely misses you. x2
The cerulean imp hits you from afar with a +1 spear.
You shoot a sling bullet. The sling bullet hits Natasha.
Natasha is heavily wounded.
Natasha barely misses you. You furiously retaliate!
You headbutt Natasha. The cerulean imp closely misses you.
Natasha stares at you and mumbles some strange words.
The magic dart hits you.
The cerulean imp hits you from afar with a +1 spear.
You shoot a sling bullet. The sling bullet hits Natasha.
Natasha is almost dead.
Natasha claws you but does no damage.
Natasha mumbles some strange words.
Natasha glows brightly for a moment.
Natasha claws you.
The cerulean imp hits you from afar with a +1 spear.
You shoot a sling bullet.
The sling bullet closely misses Natasha.
Natasha casts a spell at you.
You feel yourself slow down.
The cerulean imp hits you from afar with a +1 spear.
Natasha claws you.
You shoot a sling bullet.
The sling bullet closely misses Natasha.
Natasha claws you. The cerulean imp barely misses you. Natasha claws you!
You die...

######## #......# ##
#......# ..
#######......# ..
.....5h......# ..
#######@.....# .# ..
##.....#......# .#
#.##.............#
####.#................#
..[..##...............#
.....# #..............#
.....# #.......%.######
....# ##........# ....#
#......(.#


You could see Natasha (fast) and a cerulean imp (summoned).

Vanquished Creatures
  An adder (D:2)
  2 worms (D:2)
  4 dart slugs
  5 ball pythons
  2 bats
  3 endoplasms
  A giant cockroach (D:1)
  7 hobgoblins
  3 quokkas
  2 frilled lizards (D:1)
  2 goblins
  3 kobolds
  2 rats
37 creatures vanquished.

Notes
Turn   | Place    | Note
-------+----------+-------------------------------------------
     0 | D:1      | qw the Minotaur Hexslinger began the quest for the Orb.
     0 | D:1      | Reached XP level 1. HP: 16/16 MP: 1/1
     0 | D:1      | 0 ||| qw: Version: 0.3-a-51-g015441d
     0 | D:1      | 0 ||| qw: Game counter: 3909
     0 | D:1      | 0 ||| qw: Melee chars always use a shield: true
     0 | D:1      | 0 ||| qw: God list: Okawaru
     0 | D:1      | 0 ||| qw: Allow faded altars: false
     0 | D:1      | 0 ||| qw: Do Orc after clearing Dungeon:15 true
     0 | D:1      | 0 ||| qw: Do second Lair branch before Depths: true
     0 | D:1      | 0 ||| qw: Lair rune preference: random
     0 | D:1      | 0 ||| qw: Goals: Normal
     0 | D:1      | 0 ||| PLANNING D:1-11
   103 | D:1      | Reached skill level 3 in Ranged Weapons
   103 | D:1      | Reached XP level 2. HP: 7/23 MP: 2/2
   104 | D:1      | 104 ||| FLEEEEING.
   105 | D:1      | 105 ||| FLEEEEING.
   106 | D:1      | 106 ||| FLEEEEING.
   107 | D:1      | 107 ||| FLEEEEING.
   110 | D:1      | 110 ||| FLEEEEING.
   111 | D:1      | 111 ||| FLEEEEING.
   112 | D:1      | 112 ||| FLEEEEING.
   113 | D:1      | 113 ||| FLEEEEING.
   114 | D:1      | 114 ||| FLEEEEING.
   115 | D:1      | 115 ||| FLEEEEING.
   116 | D:1      | 116 ||| FLEEEEING.
   117 | D:1      | 117 ||| FLEEEEING.
   118 | D:1      | 118 ||| FLEEEEING.
   119 | D:1      | 119 ||| FLEEEEING.
   120 | D:1      | 120 ||| FLEEEEING.
   121 | D:1      | 121 ||| FLEEEEING.
   122 | D:1      | 122 ||| FLEEEEING.
   123 | D:1      | 123 ||| FLEEEEING.
   124 | D:1      | 124 ||| FLEEEEING.
   125 | D:1      | 125 ||| FLEEEEING.
   126 | D:1      | 126 ||| FLEEEEING.
   127 | D:1      | 127 ||| FLEEEEING.
   128 | D:1      | 128 ||| FLEEEEING.
   129 | D:1      | 129 ||| FLEEEEING.
   130 | D:1      | 130 ||| FLEEEEING.
   131 | D:1      | 131 ||| FLEEEEING.
   132 | D:1      | 132 ||| FLEEEEING.
   133 | D:1      | 133 ||| FLEEEEING.
   134 | D:1      | 134 ||| FLEEEEING.
   135 | D:1      | 135 ||| FLEEEEING.
   232 | D:1      | You fall into a shaft and drop 1 floor!
   292 | D:2      | Reached XP level 3. HP: 30/30 MP: 3/3
   306 | D:2      | 306 ||| UPGRADING to +0 ring mail.
   316 | D:2      | 316 ||| DROPPING +0 robe.
   317 | D:2      | 317 ||| READING scroll labelled XEUNTOHOMIY.
   318 | D:2      | 318 ||| READING scroll labelled JOKLEI CI COEL.
   319 | D:2      | 319 ||| DROPPING scroll of poison.
   325 | D:2      | 325 ||| FLEEEEING.
   326 | D:2      | 326 ||| FLEEEEING.
   327 | D:2      | 327 ||| STAIRDANCE
   783 | D:1      | 783 ||| READING scroll labelled PAGEAM XAOS.
   884 | D:1      | 884 ||| READING scroll labelled OVYWKI FUUTIED.
  1086 | D:2      | Reached skill level 4 in Ranged Weapons
  1209 | D:2      | Noticed Natasha
  1211 | D:2      | 1211 ||| Stepping ~*~*~tactically~*~*~ (outnumbered).
  1213 | D:2      | 1213 ||| Stepping ~*~*~tactically~*~*~ (outnumbered).
  1218 | D:2      | HP: 7/30 [Natasha (3)]
  1219 | D:2      | Slain by Natasha

Levels and vault maps discovered:
D:1:      wander_arrival_desolate, layout_basic, serial_bayou,
          serial_bayou_ford_a, serial_bayou_crossing, serial_bayou_pond_a,
          serial_bayou_shore_b, chequers_serial_rivers_marsh
D:2:      layout_rooms, eino_tiny_chamber, uniq_crazy_yiuf_cottage, uniq_natasha

Skill      XL: |  1  2  3 |
---------------+----------+-----
Ranged Weapons | 3 4 |  4.0
Fighting       | 2 |  2.5
Armour         | |  0.8
Dodging        | |  2.1
Spellcasting   | |  1.0
Hexes          | |  2.0

Action                     || total
---------------------------++-------
   Fire: Sling             ||   131
    Use: Scroll            ||     4
 Armour: Robe              ||     5
         Ring mail         ||    12
  Dodge: Dodged            ||    20

Table legend:
 A = Non-vault XP
 B = Vault XP
 C = Vault XP percentage of total XP
 D = Non-vault monster count
 E = Vault monster count
 F = Vault count percentage of total count
                 A         B        C        D         E       F
            +---------+---------+-------+---------+---------+-------
      Total |      88 |       0 |   0.0 |      37 |       0 |   0.0
            +---------+---------+-------+---------+---------+-------
        D:1 |      40 |       0 |   0.0 |      21 |       0 |   0.0
        D:2 |      48 |       0 |   0.0 |      16 |       0 |   0.0
            +---------+---------+-------+---------+---------+-------
